 Dungeon Crawl Stone Soup version 0.17.0-22-g5edae84 (console) character file.

128 Kloppie the Ruffian (level 5, 0/44 HPs)
             Began as a Ghoul Arcane Marksman on Nov 13, 2015.
             Slain by an orc wizard
             ... wielding a +0 dagger
              (1 damage)
             ... on level 2 of the Dungeon.
             The game lasted 00:06:31 (2398 turns).

Kloppie the Ruffian (Ghoul Arcane Marksman)         Turns: 2398, Time: 00:06:31

Health: 0/44       AC:  5    Str: 16    XL:     5   Next: 11%
Magic:  5/5        EV: 11    Int:  8    God:
Gold:   132        SH:  0    Dex:  8    Spells: 1 memorised, 5 levels left

rFire  . . .     SeeInvis .       - Unarmed
rCold  + . .     Clarity  .     q - +0 leather armour (curse)
rNeg   + + +     SustAt   .     (no shield)
rPois  ∞         Gourm    .     l - +1 helmet
rElec  .         Spirit   .     (no cloak)
rCorr  .         Warding  .     (no gloves)
rMut   .         Stasis   .     (no boots)
MR     .....                    (no amulet)
Stlth  +.........               (no ring)
                                j - ring of flight

@: rotting, not resistant to hostile enchantments, very unstealthy
A: rotting body, claws 1, carnivore 3, cold resistance 1, negative energy
resistance 3, slow regeneration 1, torment resistance, unbreathing
a: Evoke Flight


You were on level 2 of the Dungeon.
You were not hungry.

You visited 1 branch of the dungeon, and saw 3 of its levels.

You collected 132 gold pieces.

Inventory:

Hand Weapons
 a - a +1 hand crossbow
Missiles
 b - 20 bolts
Armour
 l - a +1 helmet (worn)
 q - a cursed +0 leather armour (worn)
Jewellery
 j - a ring of flight (left claw)
Scrolls
 c - a scroll of remove curse
Potions
 g - a potion of degeneration
 i - 2 potions of cancellation {unknown}
 n - a potion of curing {unknown}
 p - a potion of haste {unknown}
Books
 d - a book of Debilitation

   Spells                             Type                      Level
   a - Corona                         Hexes                        1
   b - Slow                           Hexes                        2
   c - Gell's Gravitas                Hexes/Translocation          3
   d - Inner Flame                    Hexes/Fire                   3
   e - Cause Fear                     Hexes                        4
   f - Leda's Liquefaction            Hexes/Earth                  4
Comestibles
 e - 3 meat rations


   Skills:
 + Level 2.8 Fighting
 + Level 2.9 Crossbows
 - Level 1.8 Dodging
 + Level 3.1 Unarmed Combat
 - Level 1.0 Spellcasting
 - Level 2.4 Hexes


You had 5 spell levels left.
You knew the following spells:

 Your Spells              Type           Power        Failure   Level  Hunger
a - Corona                Hex            #......      21%         1    ##.....


Dungeon Overview and Level Annotations

Branches:
Dungeon (3/15)

Altars:
Gozag
Kikubaaqudgha


Innate Abilities, Weirdness & Mutations

Your body is rotting away.
You thrive on raw meat.
You are immune to poison.
You have sharp fingernails.
You are carnivorous and can eat meat at any time.
Your flesh is cold resistant.
You are immune to negative energy.
You regenerate slowly when monsters are visible.
You are immune to unholy pain and torment.
You can survive without breathing.


Message History

* * * LOW HITPOINT WARNING * * *
The orc wizard hits you but does no damage.
Things that are here:
a hand axe; a club; a ring mail The orc wizard hits you but does no damage.
Things that are here:
a short sword; a flail; a leather armour
Things that are here:
a dagger; a robe The orc wizard gestures at you while chanting.
The puff of flame hits you!
* * * LOW HITPOINT WARNING * * *
There is a stone staircase leading up here.
The orc wizard barely misses you. x2
You climb upwards.
There is a stone staircase leading down here.
You completely miss the orc wizard.
The orc wizard is severely wounded.
The orc wizard hits you with a dagger.
You die...

########### #......)...
#.######### #.# #.# # #.# #####
###.# #.... ##########
#########...#####.###
.........####..o@..)...........##
######........#######..........#
#.#.###### ##...#####.## #.#>#
##...........
#.#.############....#####.##
#.#.##...................(..
#.#.##.#########....#####.## #
#......# ####..# #<.. # ###.#..#
##.# ####


You could see an orc wizard.

Vanquished Creatures
  An orc wizard (D:3)
  3 adders (D:2)
  A worm (D:3)
  3 giant geckos
  7 orcs (D:3)
  A ball python (D:2)
  7 goblins
  3 hobgoblins
  7 kobolds
  10 bats
  4 giant cockroaches
  3 giant newts (D:1)
  A quokka (D:3)
  6 rats
57 creatures vanquished.

Notes
Turn   | Place    | Note
--------------------------------------------------------------
     0 | D:1      | Kloppie the Ghoul Arcane Marksman began the quest for the Orb.
     0 | D:1      | Reached XP level 1. HP: 16/16 MP: 1/1
   475 | D:1      | Reached XP level 2. HP: 18/23 MP: 2/2
   492 | D:1      | Reached skill level 1 in Unarmed Combat
   713 | D:1      | Reached XP level 3. HP: 26/28 MP: 3/3
  1354 | D:2      | Found an ancient bone altar of Kikubaaqudgha.
  1534 | D:2      | Reached XP level 4. HP: 31/36 MP: 4/4
  1873 | D:3      | Reached skill level 3 in Unarmed Combat
  1922 | D:3      | Reached XP level 5. HP: 42/42 MP: 5/5
  2187 | D:3      | Found an opulent altar of Gozag.
  2394 | D:3      | HP: 1/44 [orc wizard/puff of flame (13)]
  2398 | D:2      | Slain by an orc wizard

Action                   |  1- 3 |  4- 6 || total
-------------------------+-------+-------++-------
Melee: Unarmed           |   138 |    92 ||   230
 Fire: Hand crossbow     |     1 |       ||     1
 Cast: Corona            |     1 |       ||     1
  Use: Scroll            |       |     8 ||     8
  Eat: Chunk             |     9 |     3 ||    12
